 Dungeon Crawl Stone Soup version 0.29.1-1-gd02db6906a (webtiles) character file.

Game seed: 1345195068781667864

10957 Ashen the Frost Mage (level 11, 66/86 HPs)
             Began as a Demonspawn Ice Elementalist on Sept 22, 2022.
             Was a Priest of Vehumet.
             Got out of the dungeon alive.
             The game lasted 00:40:07 (14888 turns).

Ashen the Frost Mage (Demonspawn Ice Elementalist) Turns: 14888, Time: 00:40:07

Health: 66/86      AC:  8    Str:  8    XL:     11   Next: 43%
Magic:  22/22      EV: 17    Int: 24    God:    Vehumet [***...]
Gold:   471        SH:  4    Dex: 16    Spells: 4/25 levels left

rFire   . . .      SeeInvis .   z - +0 dagger (venom)
rCold   . . .      Faith    .   (no shield)
rNeg    + . .      Spirit   .   p - +0 leather armour "Narijam" {Fly rElec Int+3 Dex+2}
rPois   .          Reflect  .   w - +0 helmet
rElec   +          Harm     .   R - scarf {+Inv}
rCorr   .          Rampage  .   (no gloves)
Will    .....                   (no boots)
Stlth   +++.......              (no amulet)
HPRegen 0.24/turn               l - ring of positive energy
MPRegen 0.18/turn               (no ring)

@: flying
A: claws 2, repulsion field 1, icemail 1, condensation shield
a: Renounce Religion, Evoke Invisibility


You escaped.
You worshipped Vehumet.
Vehumet was most pleased with you.
You visited 2 branches of the dungeon, and saw 12 of its levels.

You collected 711 gold pieces.
You spent 240 gold pieces at shops.

Inventory:

Hand Weapons
 h - a +0 short sword of speed
 z - a +0 dagger of venom (weapon)
 A - a +1 long sword of freezing
 I - a +2 whip of electrocution
Missiles
 y - 6 silver javelins (quivered)
 M - 4 javelins
Armour
 p - the +0 leather armour "Narijam" (worn) {Fly rElec Int+3 Dex+2}
   (You took it off a hobgoblin on level 2 of the Dungeon)

   Int:       It affects your intelligence (+3).
   Dex:       It affects your dexterity (+2).
   rElec:     It insulates you from electricity.
   Fly:       It grants you flight.
 q - a +1 robe of willpower
 w - a +0 helmet (worn)
 N - a +2 troll leather armour
 R - a scarf of invisibility (worn)
Jewellery
 l - a ring of positive energy (left claw)
 C - a ring of protection from fire
 F - an amulet of guardian spirit
 J - a +6 ring of strength
Wands
 G - a wand of digging (20)
 H - a wand of polymorph (1)
 L - a wand of charming (3)
 O - a wand of flame (6)
Scrolls
 a - 2 scrolls of poison {unknown}
 c - a scroll of blinking
 d - 5 scrolls of identify
 e - a scroll of immolation {unknown}
 g - 4 scrolls of teleportation
 m - 2 scrolls of amnesia
 n - a scroll of silence {unknown}
 t - a scroll of vulnerability {unknown}
 u - 3 scrolls of fog {unknown}
 v - a scroll of magic mapping {unknown}
 x - 2 scrolls of fear
 D - a scroll of torment {unknown}
 E - 2 scrolls of noise {unknown}
Potions
 b - a potion of magic
 f - 2 potions of haste
 i - a potion of attraction
 j - 2 potions of ambrosia
 k - 8 potions of curing
 o - 2 potions of cancellation
 r - 3 potions of mutation
 s - a potion of berserk rage
 B - 3 potions of brilliance
 K - a potion of lignification {unknown}
Miscellaneous
 P - a box of beasts (inert)
 Q - a condenser vane (inert)


   Skills:
 + Level 8.2 Fighting
 + Level 7.9 Dodging
 - Level 5.0 Stealth
 + Level 7.9 Spellcasting
 + Level 3.7 Conjurations
 + Level 8.5 Ice Magic
 + Level 3.4 Air Magic
 * Level 1.5 Evocations


You had 4 spell levels left.
You knew the following spells:

 Your Spells              Type           Power      Damage    Failure   Level
a - Freeze                Ice            100%       1d11      1%          1
b - Frozen Ramparts       Ice            100%       1d16      1%          3
c - Ozocubu's Armour      Ice            50%        N/A       1%          3
d - Hailstorm             Conj/Ice       39%        3d9       2%          4
e - Mephitic Cloud        Conj/Pois/Air  20%        N/A       3%          3
f - Swiftness             Air            25%        N/A       7%          3
g - Airstrike             Air            12%        2d(2-18)  7%          4

Your spell library contained the following spells:

 Spells                   Type           Power      Damage    Failure   Level
 Flame Wave               Conj/Fire      18%        2d7       12%         4
 Shock                    Conj/Air       100%       1d9       1%          1
 Stone Arrow              Conj/Erth      36%        3d9       3%          3
 Animate Armour           Summ/Erth      18%        N/A       67%         4
 Iron Shot                Conj/Erth      9%         9d3       82%         6
 Blade Hands              Tmut           4%         N/A       95%         5
 Lehudib's Crystal Spear  Conj/Erth      9%         10d4      100%        8
 Chain Lightning          Conj/Air       13%        3d17      100%        9
 Fire Storm               Conj/Fire      9%         8d2       100%        9
 Shatter                  Erth           4%         3d8*      100%        9


Dungeon Overview and Level Annotations

Branches:
Dungeon (11/15)            Temple (1/1) D:5            Lair (0/5) D:9
    Orc: D:9-12

Altars:
Ashenzari
Dithmenos
Fedhas
Hepliaklqana
Kikubaaqudgha
Makhleb
Nemelex Xobeh
Okawaru
Ru
Sif Muna
Trog
Uskayaw
Vehumet
Wu Jian
Xom
Yredelemnul

Shops:
D:5 ?

Annotations:
D:3 Sigmund


Innate Abilities, Weirdness & Mutations

You have very sharp fingernails.
You are surrounded by a mild repulsion field. (EV +2)
A meltable icy envelope protects you from harm. (AC +4)
A meltable shield of frost defends you. (SH +4)


Message History

You fly upwards.
There is a stone staircase leading down here.
You see here a +0 flail.
Items here: ( )) [.
There is a stone staircase leading up here.
You fly upwards.
There is a stone staircase leading down here.
There is a stone staircase leading up here.
You fly upwards.
There is a stone staircase leading down, spattered with blood here.
Things that are here:
a +0 robe; a +0 battleaxe
There is an open door here.
You reach down and open the door.
There is an open door here.
There is a stone staircase leading up here.
You fly upwards.
There is a stone staircase leading down here.
There is an open door here.
There is a stone staircase leading up here.
You fly upwards.
There is a stone staircase leading down here.
There is a stone staircase leading up here.
You fly upwards.
There is a stone staircase leading down here.
There is a stone staircase leading up here.
You fly upwards.
Level annotation: Sigmund
There is a stone staircase leading down here.
There is a stone staircase leading up here.
You fly upwards.
There is a stone staircase leading down here.
There is a stone staircase leading up here.
You fly upwards.
There is a stone staircase leading down here.
You see here a +0 club.
There is an open door here.
There is a staircase leading out of the dungeon here.
Are you sure you want to leave the Dungeon?
This will make you lose the game!
You have escaped!

##.........# #.#
#........#
##.........# #.#
#.########
##########.###.#
#.# ##
#.....####### #.#
.# #...........#
#.# .####
#....######.# #.#
....#
#.####...##.###.#
....# #.#
#.....#.....#
....# #.#
#..@..##.####
....#
#.###.....#..#
....#
###...##...##.##
....#
#...#..'###'..#
....# #.####..#
##### ########.#
##.#
.........#####.#
........##...#'#
........#.....##


There were no monsters in sight!

Vanquished Creatures
  The ghost of diceflayer the Warrior, a journeyman DsFi of Okawaru (D:10)
  3 two-headed ogres
  Pikel (D:9)
  A manticore (D:11)
  Maggie (D:6)
  A queen bee (D:10)
  2 trolls
  A meliai (D:10)
  A hornet (D:10)
  A wraith (D:10)
  10 yaks
  4 steam dragons
  A water moccasin (D:6)
  2 acid dragons
  3 sky beasts
  3 orc warriors
  2 ogres
  3 centaurs
  3 lemures (D:9)
  A phantom (D:6)
  4 kobold brigands
  Blork the orc (D:4)
  4 bullfrogs
  A gnoll sergeant (D:11)
  2 necrophages
  3 wights
  16 killer bees
  2 howler monkeys (D:7)
  4 jellies
  A gnoll bouda (D:9)
  11 orc priests
  2 hounds (D:5)
  An iguana (D:5)
  14 orc wizards
  14 gnolls
  4 adders
  An ufetubus (D:6)
  2 dart slugs
  A worm (D:2)
  43 orcs
  9 bats
  7 endoplasms
  2 giant cockroaches
  6 goblins
  7 hobgoblins
  3 jackals (D:2)
  29 kobolds
  5 quokkas
  8 ball pythons
  A frilled lizard (D:1)
  4 rats
257 creatures vanquished.

Vanquished Creatures (others)
  A gnoll (D:11)
1 creature vanquished.

Grand Total: 258 creatures vanquished

Notes
Turn   | Place    | Note
-------+----------+-------------------------------------------
     0 | D:1      | Ashen the Demonspawn Ice Elementalist began the quest for
                  | the Orb.
     0 | D:1      | Reached XP level 1. HP: 13/13 MP: 3/3
   464 | D:1      | Gained mutation: You have sharp fingernails. [demonic
                  | ancestry]
   464 | D:1      | Reached XP level 2. HP: 17/20 MP: 1/5
  1292 | D:2      | Reached skill level 1 in Fighting
  1302 | D:2      | Gained mutation: You are surrounded by a mild repulsion
                  | field. (EV +2) [demonic ancestry]
  1302 | D:2      | Reached XP level 3. HP: 25/26 MP: 3/6
  1400 | D:2      | Identified the +0 leather armour "Narijam" {Fly rElec Int+3
                  | Dex+2}
  2150 | D:2      | Reached XP level 4. HP: 32/32 MP: 3/7
  2154 | D:2      | Learned a level 3 spell: Frozen Ramparts
  2158 | D:2      | Learned a level 3 spell: Ozocubu's Armour
  2447 | D:3      | Found a sparkling altar of Nemelex Xobeh.
  2447 | D:3      | Found a burning altar of Makhleb.
  2626 | D:3      | Noticed Sigmund
  3118 | D:3      | Gained mutation: You have very sharp fingernails. [demonic
                  | ancestry]
  3118 | D:3      | Reached XP level 5. HP: 34/38 MP: 3/9
  3378 | D:4      | Gained mutation: A meltable shield of frost defends you.
                  | (SH +4) [demonic ancestry]
  3378 | D:4      | Reached XP level 6. HP: 32/45 MP: 6/10
  3740 | D:3      | You are sucked into a shaft and drop 2 floors!
  3740 | D:5      | Entered Level 5 of the Dungeon
  4317 | D:4      | Noticed Blork the orc
  4327 | D:4      | Killed Blork the orc
  4649 | D:4      | Reached XP level 7. HP: 52/52 MP: 2/12
  5025 | D:3      | Found an ancient bone altar of Kikubaaqudgha.
  5041 | D:3      | Found a shimmering blue altar of Sif Muna.
  5195 | D:5      | Found a staircase to the Ecumenical Temple.
  5206 | Temple   | Entered the Ecumenical Temple
  5210 | Temple   | Became a worshipper of Vehumet
  5517 | D:5      | Found Gaubev's Magic Scroll Boutique.
  5523 | D:5      | Bought a scroll of teleportation for 39 gold pieces
  5523 | D:5      | Bought a scroll of fear for 52 gold pieces
  5523 | D:5      | Bought a scroll of enchant armour for 97 gold pieces
  5523 | D:5      | Bought a scroll of identify for 26 gold pieces
  5523 | D:5      | Bought a scroll of identify for 26 gold pieces
  5596 | D:5      | Reached skill level 5 in Ice Magic
  6069 | D:6      | Reached XP level 8. HP: 48/60 MP: 14/14
  6267 | D:6      | Noticed Maggie
  6280 | D:6      | Killed Maggie
  6747 | D:6      | Reached skill level 5 in Stealth
  7636 | D:7      | Reached * piety under Vehumet
  7636 | D:7      | Offered knowledge of Magic Dart by Vehumet.
  7881 | D:7      | Reached skill level 5 in Dodging
  7881 | D:7      | Reached skill level 5 in Spellcasting
  7985 | D:7      | Reached skill level 5 in Fighting
  8194 | D:7      | Reached XP level 9. HP: 45/68 MP: 10/16
  9854 | D:8      | Found a hazy altar of Hepliaklqana.
  9898 | D:8      | Offered knowledge of Scorch by Vehumet.
  9902 | D:8      | Reached ** piety under Vehumet
 11019 | D:9      | Noticed Pikel
 11032 | D:9      | Killed Pikel
 11033 | D:9      | Gained mutation: A meltable icy envelope protects you from
                  | harm. (AC +4) [demonic ancestry]
 11033 | D:9      | Reached XP level 10. HP: 72/77 MP: 11/19
 11338 | D:9      | Offered knowledge of Mephitic Cloud by Vehumet.
 11348 | D:9      | Learned a level 4 spell: Hailstorm
 11352 | D:9      | Learned a level 3 spell: Mephitic Cloud
 11356 | D:9      | Learned a level 3 spell: Swiftness
 11361 | D:9      | Learned a level 4 spell: Airstrike
 11707 | D:9      | Found a staircase to the Lair.
 12189 | D:10     | Entered Level 10 of the Dungeon
 12213 | D:10     | Reached *** piety under Vehumet
 12249 | D:10     | Reached skill level 1 in Conjurations
 12249 | D:10     | Reached skill level 1 in Air Magic
 12396 | D:10     | Identified the +1 chain mail "Sutivywa" {Harm}
 12398 | D:10     | Noticed a two-headed ogre
 12425 | D:10     | Killed a two-headed ogre
 12759 | D:10     | Noticed a two-headed ogre
 12781 | D:10     | Killed a two-headed ogre
 13077 | D:10     | Found a blossoming altar of Fedhas.
 13181 | D:10     | Noticed diceflayer's ghost (journeyman DsFi)
 13223 | D:10     | Found a transporter.
 13227 | D:10     | Found a transporter.
 13255 | D:10     | Offered knowledge of Flame Wave by Vehumet.
 13260 | D:10     | Reached XP level 11. HP: 51/86 MP: 19/22
 13266 | D:10     | Killed diceflayer's ghost
 14391 | D:11     | Identified the +2 hand axe "Levvus" {pain, rF++}
 14487 | D:11     | Noticed a two-headed ogre
 14502 | D:11     | Killed a two-headed ogre
 14503 | D:11     | Reached skill level 1 in Evocations
 14888 | D:$      | Got out of the dungeon alive.

Illustrated notes

Levels and vault maps discovered:
D:1:      noname_arrival_rooms_in_the_neighbourhood, layout_basic
D:2:      layout_rooms
D:3:      layout_rooms, jmf_multi_god_temple, mainiacjoe_overflow_swirl,
          serial_bayou_pond_d, uniq_sigmund
D:4:      nicolae_BIG_FREAKIN_CUBE, layout_basic, uniq_blork_the_orc
D:5:      layout_loops_ring, minmay_temple_entry_statues_pillars, serial_shops,
          nicolae_shop_competitors_out_of_business
D:6:      layout_loops_corners, uniq_maggie
D:7:      layout_loops_corners
D:8:      layout_cave_pools, kennysheep_mini
D:9:      layout_loops_cross, dpeg_oklobed_lair, uniq_pikel
D:10:     layout_roguey, fedhas_altar_2, serial_corexii_hall,
          corexii_hall_statues_i, corexii_hall_statues_x, gammafunk_ghost_hive
D:11:     layout_loops_cross
Temple:   nicolae_temple_x_marks_the_god

Skill      XL: |  1  2  3  4  5  6  7  8  9 10 11 |
---------------+----------------------------------+-----
Stealth        | 2 3 4 5 |  5.0
Dodging        | 2 3 4 5 6 7 |  7.9
Fighting       | 1 2 3 5 6 7 8 |  8.2
Ice Magic      | 4 5 6 7 8 |  8.5
Spellcasting   | 3 4 5 6 7 |  7.9
Conjurations   | 2 3 |  3.7
Air Magic      | 2 3 |  3.4
Evocations     | 1 |  1.5

Action                   |  1- 3 |  4- 6 |  7- 9 | 10-12 || total
-------------------------+-------+-------+-------+-------++-------
Melee: Unarmed           |     4 |       |     2 |       ||     6
       Short sword       |    79 |   133 |       |       ||   212
       Punch             |     2 |     3 |     4 |     4 ||    13
       Dagger            |       |     3 |   228 |   135 ||   366
       Long sword        |       |       |    40 |       ||    40
       Whip              |       |       |       |    41 ||    41
 Cast: Freeze            |    44 |    31 |    18 |    11 ||   104
       Frozen Ramparts   |       |    11 |    24 |    19 ||    54
       Ozocubu's Armour  |       |     3 |    19 |    16 ||    38
       Mephitic Cloud    |       |       |       |     1 ||     1
Evoke: Condenser vane    |       |       |       |     2 ||     2
       Box of beasts     |       |       |       |     1 ||     1
  Use: Scroll            |       |     4 |     8 |     2 ||    14
       Potion            |       |       |     1 |     2 ||     3
 Stab: Sleeping          |     2 |     7 |     9 |     5 ||    23
       Distracted        |     1 |     1 |     2 |       ||     4
       Confused          |       |       |       |     1 ||     1
Armor: Robe              |     7 |       |       |       ||     7
       Leather armour    |    25 |    26 |    57 |    66 ||   174
Dodge: Dodged            |    90 |    74 |   200 |   165 ||   529
Block: Other             |       |     2 |    52 |    30 ||    84
